 Dungeon Crawl Stone Soup version 0.28-a0-1087-gf3fc490d9d (webtiles) character file.

Game seed: 15350884394501728425

529 leviel the Chopper (level 7, -4/87 HPs)
             Began as a Hill Orc Fighter on Dec 10, 2021.
             Killed from afar by an orc wizard (10 damage)
             ... with a puff of flame
             ... on level 4 of the Dungeon.
             The game lasted 00:05:10 (3329 turns).

leviel the Chopper (Hill Orc Fighter)               Turns: 3329, Time: 00:05:10

Health: -4/87      AC: 23    Str: 21    XL:     7   Next: 24%
Magic:  11/11      EV:  2    Int:  8    God:
Gold:   154        SH:  0    Dex: 10    Spells: 12/12 levels left

rFire   . . .      SeeInvis .   j - +2 great mace (holy)
rCold   . . .      Faith    .   (shield currently unavailable)
rNeg    . . .      Spirit   .   (armour currently unavailable)
rPois   +          Reflect  .   (helmet currently unavailable)
rElec   .          Harm     .   (cloak currently unavailable)
rCorr   .          Rampage  .   (gloves currently unavailable)
Will    .....      NoTele   +   (boots currently unavailable)
Stlth   +.........              (no amulet)
HPRegen 0.24/turn               (no ring)
MPRegen 0.12/turn               (no ring)

@: tree-form, studying Maces & Flails
A: stationary, stasis, torment immunity, boosted hp
a: no special abilities


You were on level 4 of the Dungeon.
You were a tree.
You visited 1 branch of the dungeon, and saw 4 of its levels.

You collected 154 gold pieces.

Inventory:

Hand Weapons
 a - a +0 war axe
 j - a +2 great mace of holy wrath (weapon)
Armour
 b - a +0 scale mail (melded)
 c - a +0 buckler
 g - a +0 pair of gloves (melded)
 m - a +1 helmet (melded)
Wands
 l - a wand of iceblast (9)
Scrolls
 e - 6 scrolls of identify {@r1}
 h - 2 scrolls of teleportation
Potions
 f - a potion of flight


   Skills:
 - Level 3.6 Fighting
 - Level 5.6(6.9) Axes
 + Level 5.0(5.9) Maces & Flails
 - Level 3.3 Armour
 - Level 3.3 Shields
 - Level 3.0 Spellcasting


You had 12 spell levels left.
You didn't know any spells.
Your spell library contained the following spells:

 Spells                   Type           Power      Damage    Failure   Level
 Ensorcelled Hibernation  Hex/Ice        2%         N/A       43%         2
 Gell's Gravitas          Tloc           1%         N/A       67%         3
 Lesser Beckoning         Tloc           1%         N/A       67%         3
 Teleport Other           Tloc           1%         N/A       67%         3
 Tukima's Dance           Hex            1%         N/A       67%         3


Dungeon Overview and Level Annotations

Branches:
Dungeon (4/15)
 Temple: D:4-7

Altars:

Shops:
D:1 (


Message History

The orc warrior is lightly wounded.
The orc warrior hits you but does no damage.
You hit the orc warrior but do no damage.
The orc warrior is lightly wounded.
The orc warrior hits you with a +0 flail.
The orc warrior hits you but does no damage.
You sock the orc warrior!
The orc warrior is heavily wounded.
The orc warrior barely misses you.
You sock the orc warrior!
The orc warrior is severely wounded.
The orc warrior drinks a potion.
The orc warrior is healed!
You barely miss the orc warrior.
The orc warrior hits you with a +0 flail. x2
You hit the orc warrior.
The orc warrior is lightly wounded.
The orc warrior hits you with a +0 flail!
You closely miss the orc warrior.
The orc warrior is lightly wounded.
The orc warrior hits you with a +0 flail!
* * * LOW HITPOINT WARNING * * *
The orc warrior hits you with a +0 flail!
* * * LOW HITPOINT WARNING * * *
Things that are here:
a +0 short sword of venom; a +0 robe; a hobgoblin corpse
Okay, then.
There is a stone staircase leading up, spattered with blood here.
It was a potion of cancellation.
You feel magically purged.
It was a potion of lignification.
You turn into a tree.
Your +1 helmet melds into your body.
Your +0 pair of gloves melds into your body.
Your +0 scale mail melds into your body.
Your roots penetrate the ground.
The orc warrior hits you but does no damage.
You closely miss the orc warrior.
The orc warrior is lightly wounded.
You hear some strange, mumbled words.
A puff of flame appears from out of thin air!
The puff of flame hits you!
You die...

....#.............##^..##
...#..# .#.............
o.##.# ..........#..# #)#..#
#........##.###### ##o##.#
###......##...#...# #..o..##
#.................#
##.....###.............##..#
##.#.).##...).(.###.##.# ##
#.......oo..{♣### #..#..#
#......#.....o..# .......#
......##.##.###...........##
...##.##.##.........#######
... ## #..#...#...### ..
#......#...# #...........
............# ... #....##


You could see an orc warrior and 2 orcs.

Vanquished Creatures
  2 ogres (D:4)
  A phantom (D:4)
  A scorpion (D:4)
  A hound (D:3)
  Jessica (D:2)
  3 orc wizards
  3 adders
  An ufetubus (D:4)
  An adder skeleton (D:4)
  A worm (D:4)
  A dart slug (D:4)
  8 orcs
  3 ball pythons
  4 endoplasms
  3 giant cockroaches
  A goblin (D:1)
  3 hobgoblins
  3 jackals (D:3)
  3 quokkas
  4 bats
  A frilled lizard (D:2)
  A jackal skeleton (D:4)
  4 kobolds
  8 rats
62 creatures vanquished.

Notes
Turn   | Place    | Note
-------+----------+-------------------------------------------
     0 | D:1      | leviel the Hill Orc Fighter began the quest for the Orb.
     0 | D:1      | Reached XP level 1. HP: 19/19 MP: 1/1
   243 | D:1      | Found Ytixkonle's Weapon Emporium.
   253 | D:1      | Reached XP level 2. HP: 23/27 MP: 2/2
   332 | D:1      | Found a faded altar of an unknown god.
   693 | D:2      | Reached XP level 3. HP: 21/33 MP: 3/3
   830 | D:2      | Noticed Jessica
   835 | D:2      | Killed Jessica
   836 | D:2      | Reached skill level 5 in Axes
   851 | D:2      | Reached XP level 4. HP: 39/40 MP: 4/4
  1418 | D:3      | Reached skill level 1 in Maces & Flails
  1976 | D:3      | Reached skill level 1 in Spellcasting
  1976 | D:3      | Reached XP level 5. HP: 46/46 MP: 6/6
  2520 | D:4      | Noticed an ogre
  2603 | D:4      | Noticed an orc warrior
  2605 | D:4      | HP: 1/46 [ogre (16)]
  2606 | D:4      | Killed an ogre
  2606 | D:4      | Noticed an ogre
  2607 | D:4      | Reached XP level 6. HP: 1/52 MP: 7/9
  3203 | D:4      | Reached XP level 7. HP: 47/58 MP: 11/11
  3284 | D:4      | Identified a scroll of acquirement
  3284 | D:4      | Acquired a manual of Maces & Flails
  3308 | D:4      | Reached skill level 5 in Maces & Flails
  3315 | D:4      | HP: 1/58 [orc warrior (9)]
  3329 | D:4      | Killed from afar by an orc wizard

Illustrated notes

Levels and vault maps discovered:
D:1:      scummos_arrival_hexagon, layout_rooms, serial_shops,
          nicolae_shop_bloodbath_and_beyond, shapermc_ecumenical_altar_venn
D:2:      minmay_alternating_diamond, layout_rooms, uniq_jessica
D:3:      layout_loops_corners
D:4:      layout_cave_pools, kennysheep_mini_moat, hangedman_decor_riveting,
          minmay_unequal, uniq_eustachio

Skill      XL: |  1  2  3  4  5  6  7 |
---------------+----------------------+-----
Axes           | 3 4 5 |  5.6
Maces & Flails | 1 3 4 5 |  5.0
Spellcasting   | 1 2 3 |  3.0
Fighting       | |  3.6
Armour         | |  3.3
Shields        | |  3.3

Action                   |  1- 3 |  4- 6 |  7- 9 || total
-------------------------+-------+-------+-------++-------
Melee: War axe           |    65 |     7 |       ||    72
       Great mace        |       |   104 |    13 ||   117
Evoke: Wand              |       |     1 |       ||     1
  Use: Scroll            |     2 |     2 |     1 ||     5
       Potion            |       |     1 |     2 ||     3
Armor: Scale mail        |    40 |    61 |     3 ||   104
       Skin              |       |       |     1 ||     1
Dodge: Dodged            |    34 |    77 |     2 ||   113
Block: Buckler           |    19 |       |       ||    19

Table legend: (Time is in decaauts)
 A = Elapsed time spent in this place.
 B = Non-inter-level travel time spent in this place.
 C = Inter-level travel time spent in this place.
 D = Time resting spent in this place.
 E = Time spent auto-exploring this place.
 F = Levels seen in this place.
 G = Mean time per level.
                   A        B        C        D        E       F      G
               +--------+--------+--------+--------+--------+-----+--------+
         Total |   3411 |   3301 |    110 |    850 |   1873 |   4 |  852.8 |
       Dungeon |   3411 |   3301 |    110 |    850 |   1873 |   4 |  852.8 |
               +--------+--------+--------+--------+--------+-----+--------+

Top non-repeatable levels by time:
     D:3: 1752 daAuts
     D:2: 734 daAuts
     D:1: 696 daAuts
     D:4: 228 daAuts
